 Dungeon Crawl Stone Soup version 0.21-a0-329-g12f17e1 (webtiles) character file.

978 nikopol the Magician (level 7, 0/36 HPs)
             Began as a Deep Elf Fire Elementalist on Oct 1, 2017.
             Shot with an arrow by a centaur (4 damage)
             ... on level 5 of the Dungeon.
             The game lasted 00:12:46 (3468 turns).

nikopol the Magician (Deep Elf Fire Elementalist)   Turns: 3468, Time: 00:12:46

Health: 0/36       AC:  4    Str:  5    XL:     7   Next: 95%
Magic:  11/19      EV: 13    Int: 22    God:
Gold:   173        SH:  0    Dex: 15    Spells: 14/20 levels left

rFire    + . .     SeeInvis +   j - +0 dagger
rCold    . . .     Gourm    .   (no shield)
rNeg     . . .     Faith    .   v - +2 robe {rF+}
rPois    .         Spirit   .   (no helmet)
rElec    .         Reflect  .   (no cloak)
rCorr    .         Harm     .   (no gloves)
MR       .....                  (no boots)
Stlth    ++........             (no amulet)
HPRegen  0.12/turn              h - ring of see invisible
MPRegen  0.16/turn              (no ring)

@: very slightly contaminated
A: no striking features
a: no special abilities


You were on level 5 of the Dungeon.
You were hungry.

You visited 1 branch of the dungeon, and saw 5 of its levels.

You collected 173 gold pieces.

Inventory:

Hand Weapons
 j - a +0 dagger (weapon)
 z - a -1 dagger
Armour
 a - a +1 robe
 v - a +2 robe of fire resistance (worn)
Jewellery
 h - a ring of see invisible (left hand)
 y - a +3 ring of evasion {unknown}
Wands
 A - a wand of acid (7/15)
 C - a wand of paralysis (17/24)
Scrolls
 e - 2 scrolls of remove curse
 k - 3 scrolls of identify
 n - a scroll of enchant armour
 s - a scroll of blinking
 t - a scroll of fog {unknown}
 x - a scroll of enchant weapon {unknown}
 B - a scroll of random uselessness {unknown}
Potions
 f - a potion of might {unknown}
 g - 3 potions of flight
 i - 2 potions of heal wounds {unknown}
 m - a potion of resistance {unknown}
 o - 2 potions of brilliance {unknown}
 p - 3 potions of curing {unknown}
 r - a potion of cancellation {unknown}
 u - 2 potions of berserk rage {unknown}
Books
 b - a book of Flames

   Spells                             Type                      Level
   a - Flame Tongue                   Conjuration/Fire             1
   b - Throw Flame                    Conjuration/Fire             2
   c - Conjure Flame                  Conjuration/Fire             3
   d - Inner Flame                    Hexes/Fire                   3
   e - Sticky Flame                   Conjuration/Fire             4
   f - Fireball                       Conjuration/Fire             5
Comestibles
 c - a bread ration
 q - a meat ration
 D - a royal jelly


   Skills:
 + Level 0.1 Fighting
 + Level 2.8 Dodging
 + Level 3.6 Stealth
 + Level 7.2 Spellcasting
 + Level 5.4 Conjurations
 + Level 6.5 Fire Magic


You had 14 spell levels left.
You knew the following spells:

 Your Spells              Type           Power        Failure   Level  Hunger
a - Flame Tongue          Conj/Fire      ####.        1%          1    None
b - Throw Flame           Conj/Fire      ####..       1%          2    None
c - Conjure Flame         Conj/Fire      ####....     1%          3    None


Dungeon Overview and Level Annotations

Branches:
Dungeon (5/15)
 Temple: D:4-7

Altars:
Qazlal
Yredelemnul


Message History

A centaur comes into view.
The centaur wields a shortbow.
The centaur shoots an arrow.
The arrow misses you.
The centaur shoots an arrow.
The arrow hits you!!
Ouch! That really hurt!
You see here 2 arrows.
The centaur shoots an arrow.
The arrow hits you.
You see here an arrow.
The centaur shoots an arrow.
The arrow hits you!
* * * LOW HITPOINT WARNING * * *
You see here an arrow.
Casting: Flame Tongue
Confirm with . or Enter, or press ? or * to list all spells.
Aiming: Throw Flame
Press: ? - help, Shift-Dir - straight line, f - centaur
Aim: a centaur, wielding a shortbow The puff of flame hits the centaur.
The centaur is lightly wounded.
The centaur shoots an arrow.
The arrow closely misses you.
The centaur shoots an arrow.
The arrow hits you.
You die...

#############
#^.......(..#
#.#########.#
#(# #.# #(#
#.##### #@#
#.....# #%#
#####.# #.#
#.# #.# #.##
#.# #... #c#
#### ..# ###


You could see a centaur.

Vanquished Creatures
  Grinder (D:3)
  Sigmund (D:2)
  A phantom (D:5)
  An ogre (D:4)
  2 orc priests
  A hound (D:4)
  An orc wizard (D:4)
  Jessica (D:3)
  Natasha (thrice) (D:2)
  A worker ant (D:3)
  Ijyb (D:4)
  A gnoll (D:1)
  4 adders
  An ooze (D:3)
  An adder skeleton (D:4)
  8 worms
  2 dart slugs (D:1)
  2 leopard geckos
  18 orcs
  9 bats
  5 giant cockroaches
  6 goblins
  8 hobgoblins
  3 quokkas
  A ball python (D:1)
  7 frilled lizards
  7 kobolds
  7 rats
104 creatures vanquished.

Notes
Turn   | Place    | Note
-------+----------+-------------------------------------------
     0 | D:1      | nikopol the Deep Elf Fire Elementalist began the quest for the Orb.
     0 | D:1      | Reached XP level 1. HP: 10/10 MP: 6/6
   236 | D:1      | Reached XP level 2. HP: 15/15 MP: 6/8
   667 | D:1      | Reached XP level 3. HP: 19/19 MP: 5/10
   971 | D:2      | Noticed Natasha
   979 | D:2      | Killed Natasha
   979 | D:2      | Reached XP level 4. HP: 24/24 MP: 6/11
  1075 | D:2      | Reached skill level 4 in Spellcasting
  1329 | D:2      | Noticed Natasha
  1333 | D:2      | Killed Natasha
  1411 | D:3      | Learned a level 2 spell: Throw Flame
  1415 | D:3      | Learned a level 3 spell: Conjure Flame
  1465 | D:3      | Noticed Sigmund
  1493 | D:2      | Killed Sigmund
  1493 | D:2      | Reached skill level 5 in Fire Magic
  1493 | D:2      | Reached XP level 5. HP: 9/28 MP: 7/14
  1493 | D:2      | Reached XP level 6. HP: 10/32 MP: 7/15
  1727 | D:2      | Noticed Natasha
  1733 | D:2      | Killed Natasha
  1860 | D:3      | Reached skill level 5 in Spellcasting
  2265 | D:3      | Noticed Grinder
  2267 | D:3      | Paralysed by Grinder for 3 turns
  2274 | D:3      | Killed Grinder
  2274 | D:3      | Reached skill level 6 in Spellcasting
  2274 | D:3      | Reached XP level 7. HP: 36/36 MP: 0/18
  2413 | D:3      | Noticed Jessica
  2415 | D:3      | Killed Jessica
  2723 | D:4      | Noticed Ijyb
  2727 | D:4      | Killed Ijyb
  2727 | D:4      | Reached skill level 5 in Conjurations
  3062 | D:4      | Found a basalt altar of Yredelemnul.
  3144 | D:4      | Found a stormy altar of Qazlal.
  3146 | D:4      | Noticed a fire elemental
  3147 | D:4      | Noticed an air elemental
  3147 | D:4      | Noticed a water elemental
  3421 | D:5      | Entered Level 5 of the Dungeon
  3446 | D:5      | Reached skill level 7 in Spellcasting
  3468 | D:5      | Shot with an arrow by a centaur

Vault maps used:
D:1:      lightli_molten_gateway
D:2:      uniq_natasha
D:3:      uniq_jessica, uniq_grinder, uniq_sigmund
D:4:      nicolae_qazlal_style_of_elements, yredelemnul_altar_generic, uniq_ijyb
D:5:      first_bread, gup_ossuary_entry_pyramid

Skill      XL: |  1  2  3  4  5  6  7 |
---------------+----------------------+-----
Fire Magic     | 4 5 6 |  6.5
Conjurations   | 2 3 4 5 |  5.4
Spellcasting   | 4 6 7 |  7.2
Stealth        | 3 |  3.6
Fighting       | |  0.1
Dodging        | |  2.8

Action                   |  1- 3 |  4- 6 |  7- 9 || total
-------------------------+-------+-------+-------++-------
 Cast: Flame Tongue      |    61 |    91 |    61 ||   213
       Conjure Flame     |       |     1 |       ||     1
       Throw Flame       |       |     3 |     8 ||    11
  Use: Scroll            |       |       |     6 ||     6
  Eat: Chunk             |       |     4 |     3 ||     7
Armor: Robe              |       |     4 |     2 ||     6
Dodge: Dodged            |    14 |    22 |     6 ||    42

Table legend:
 A = Spawn XP
 B = Non-spawn XP
 C = Spawn XP percentage of total XP
 D = Spawn monster count
 E = Non-spawn monster count
 F = Spawn count percentage of total count
 G = Total turns spent on level
                    A         B        C        D         E        F      G
               +---------+---------+-------+---------+---------+-------+---------
         Total |       0 |    1398 |   0.0 |       0 |     104 |   0.0 |  3468
               +---------+---------+-------+---------+---------+-------+---------
           D:1 |       0 |      54 |   0.0 |       0 |      24 |   0.0 |   725
           D:2 |       0 |     375 |   0.0 |       0 |      22 |   0.0 |  1153
           D:3 |       0 |     514 |   0.0 |       0 |      43 |   0.0 |   828
           D:4 |       0 |     324 |   0.0 |       0 |      14 |   0.0 |   715
           D:5 |       0 |     131 |   0.0 |       0 |       1 |   0.0 |    47
               +---------+---------+-------+---------+---------+-------+---------
